lixian, chaotic female human Rogue ----------- ---------- --------- |f........| |......%.| #|.......| ----- #-@..$.....| |........| --+-- ##-.......| ##.<..| ###|..i......| |........| |{..| ##|.......| # |...| # ----.------ |>.......| |...-######|.......| ### |...-## |........| #....| |.......| # |...| -------.-- #%#|...+ --.------### |...| ### # |...| # # ----- # ### |#..| # # ## # ----- ### # ---.---### # # |....>|# ---.----# |.....|# |......|# |..^...# |......-# ------- |......| -------- lixian the Cutpurse Experience level: 3 Strength: 17 Dexterity: 18 Constitution: 14 Intelligence: 9 Wisdom: 9 Charisma: 8 Health: 0(24) Energy: 10(10) Def: 3 Gold: 291 Moves: 1354 Dungeon seed: Moc4MwraHuVL6-wY Game ID: lixian_1534435642 Your Inventory: Coins $ - 291 gold pieces Weapons a - an uncursed +0 dagger named Sharptooth (weapon in hand) b - 9 uncursed +0 daggers (in quiver) h - 2 uncursed +0 orcish daggers Armor e - an uncursed +1 leather armor (being worn) Comestibles p - 2 uncursed lichen corpses q - an uncursed food ration Potions u - an uncursed potion of monster detection Tools g - an uncursed blindfold k - an uncursed lock pick B - an uncursed sack Contents of the sack: 173 gold pieces an uncursed +0 short sword 7 uncursed +0 shuriken an uncursed scroll of food detection an uncursed scroll of remove curse an uncursed scroll of scare monster an uncursed potion of gain ability an uncursed potion of restore ability an uncursed potion of sickness an uncursed ring of sustain ability Spells and supernatural/magical abilities: Name Level Category Fail Memory W - pray for help -- divine ? -- Your skills at the end: Fighting Skills Weapon Skills dagger [Basic] short sword [Basic] Spellcasting Skills Final Attributes: You were piously aligned. You were stealthy. You are dead. Vanquished creatures: a werejackal 2 yellow molds 2 gnomes a gecko 2 jackals 2 goblins 2 sewer rats 7 grid bugs 4 lichens 6 newts 29 creatures vanquished. Voluntary challenges: You were an atheist. You used a wielded weapon 20 times, starting on turn 154. You read items or engraved 1 time, starting on turn 1354. You never genocided any monsters. You never polymorphed an object. You never changed form. You used no wishes. You never split a pudding. You never wrote Elbereth's name. You never violated your personal moral code. Dungeon overview: The Dungeons of Doom: levels 1 to 5 Level 1 a sink a long staircase Level 2 Level 3 a general store Level 4 <- You were here a fountain, a sink stairs to The Gnomish Mines Level 5 The Gnomish Mines: Level 5 stairs to The Dungeons of Doom History has recorded: On T:1 you entered the Dungeons of Doom to retrieve the Amulet of Yendor! On T:142 you reached level 2 of The Dungeons of Doom. On T:546 you reached level 3 of The Dungeons of Doom. On T:830 you advanced to experience level 2. On T:1085 you reached level 4 of The Dungeons of Doom. On T:1189 you reached level 1 of The Gnomish Mines. On T:1240 you reached level 5 of The Dungeons of Doom. On T:1271 you advanced to experience level 3. Score breakdown: Gold: 464 ( 9073 points) Experience: 3 levels ( 7878 points) Exploration: 5 levels ( 10.42%) ( 8751 points) Discoveries: 0 items ( 0.00%) ( 0 points) Valuables value: (no points given unless you survive) Artifact value: 0 ( 0 points) Variety of kills: 10 monsters ( 2.62%) ( 4860 points) Turncount: 1354 turns ( 0 points) Survival: died (score multiplied by 80%) Total score: 24449 Latest messages: Where do you want to travel to? The door resists! The door opens. You displace Trouble. This door is locked. You succeed in picking the lock. The door opens. The kitten bites! (2x) The kitten misses. You throw 2 daggers. The 1st dagger hits the kitten. The 2nd dagger hits the kitten. The kitten bites! The dagger hits the kitten. The kitten bites! (2x) You write in the dust with your fingers. The kitten bites! You die... Final status: Goodbye lixian the Rogue, killed by a kitten... You died in The Dungeons of Doom on dungeon level 4 with 24449 points, and 464 pieces of gold, after 1354 moves. You were level 3 with a maximum of 24 hit points when you died.